 Dungeon Crawl Stone Soup version 0.31-a0-259-g771a54ca4b (webtiles) character file.

Game seed: 6406057710399699526

140 qw the Shooter (level 5, -5/42 HPs)
             Began as a Minotaur Hexslinger on July 13, 2023.
             Slain by a gnoll
             ... wielding a +0 halberd
              (11 damage)
             ... on level 4 of the Dungeon.
             The game lasted 00:01:00 (2612 turns).

qw the Shooter (Minotaur Hexslinger)                Turns: 2612, Time: 00:01:01

Health: -5/42      AC:  8    Str: 13    XL:     5   Next: 2%
Magic:  5/5        EV: 11    Int: 10    God:
Gold:   173        SH:  0    Dex: 14    Spells: 5/6 levels left

rFire   . . .        Y - +1 sling
rCold   . . .        (no shield)
rNeg    . . .        j - +0 ring mail
rPois   .            e - +2 hat
rElec   .            d - +0 cloak
rCorr   .            (no gloves)
SInv    .            (no boots)
Will    .....        g - amulet of faith
Stlth   +            (no ring)
HPRegen 0.27/turn    (no ring)
MPRegen 0.09/turn

%: faith
@: about to teleport
A: horns 2, retaliatory headbutt
a: no special abilities


You were on level 4 of the Dungeon.
You visited 1 branch of the dungeon, and saw 4 of its levels.

You collected 173 gold pieces.


Innate Abilities, Weirdness & Mutations

You have a pair of horns on your head.
You reflexively headbutt those who attack you in melee.


   Skills:
 - Level 2.4 Fighting
 + Level 4.9 Ranged Weapons
 - Level 2.0 Armour
 - Level 2.1 Dodging
 - Level 1.0 Spellcasting
 - Level 2.0 Hexes


You had 5 spell levels left.
You knew the following spells:

 Your Spells              Type           Power      Damage    Failure   Level
a - Slow                  Hex            16%        N/A       32%         1

Your spell library contained the following spells:

 Spells                   Type           Power      Damage    Failure   Level
 Inner Flame              Hex/Fire       2%         N/A       82%         3
 Portal Projectile        Hex/Tloc       4%         N/A       82%         3
 Cause Fear               Hex            2%         N/A       97%         4

Inventory:

Hand Weapons
 Y - a +1 sling (weapon)
Armour
 d - a +0 cloak (worn)
 e - a +2 hat (worn)
 j - a +0 ring mail (worn)
Jewellery
 c - an amulet of guardian spirit
 g - an amulet of faith (around neck)
 h - an amulet of regeneration
 i - an amulet of reflection
Scrolls
 a - 3 scrolls of identify
 f - 2 scrolls of teleportation
Potions
 b - a potion of enlightenment
 k - a potion of curing {unknown}

Dungeon Overview and Level Annotations

Branches:
Dungeon (4/15)
 Temple: D:4-7

Altars:
Dithmenos

Annotations:
D:3 2 transporters, qw's ghost, amateur GrHs


Message History

The gnoll closely misses you. The gnoll barely misses you.
The gnoll hits you with a +0 flail.
You shoot a sling bullet.
The sling bullet closely misses the gnoll.
The gnoll hits you from afar with a +0 halberd.
The gnoll hits you with a +0 club. The gnoll closely misses you.
You shoot a sling bullet. The sling bullet hits the gnoll.
The gnoll is moderately wounded.
The gnoll misses you. The gnoll barely misses you.
The gnoll closely misses you.
You shoot a sling bullet.
The sling bullet closely misses the gnoll.
The gnoll hits you from afar with a +0 halberd.
The gnoll closely misses you. You furiously retaliate!
You headbutt the gnoll. The gnoll closely misses you.
You shoot a sling bullet.
The sling bullet closely misses the gnoll.
The gnoll hits you from afar with a +0 halberd!
The gnoll hits you but does no damage. The gnoll barely misses you.
The gnoll hits you but does no damage. x3
You shoot a sling bullet. The sling bullet hits the gnoll.
You kill the gnoll!
The gnoll closely misses you. The gnoll barely misses you.
You have reached level 5!
You shoot a sling bullet. The sling bullet hits the gnoll.
The gnoll is lightly wounded.
The gnoll hits you but does no damage. The gnoll closely misses you.
You shoot a sling bullet. The sling bullet hits the gnoll.
The gnoll is moderately wounded.
The gnoll throws a throwing net.
The throwing net misses you. The gnoll hits you but does no damage.
The gnoll barely misses you.
The gnoll hits you from afar with a +0 halberd!
You shoot a sling bullet. The sling bullet hits the gnoll.
The gnoll is moderately wounded.
The gnoll hits you from afar with a +0 halberd.
The gnoll hits you with a +0 flail!
2612 ||| READING 3 scrolls of teleportation.
As you read the scroll of teleportation, it crumbles to dust.
You feel strangely unstable.
The gnoll hits you from afar with a +0 halberd!
You die...

#### ###...### #g)gP....
#@# #.#####.##.#
#........#.#
##.#######.## # #.# #...#
#. ##.# #.P.#
##.#####..## #...# #
#..........# ###.######.
#..........####..........


You could see 2 gnolls.

Vanquished Creatures
  A hound (D:4)
  A gnoll (D:4)
  4 adders (D:2)
  2 worms (D:3)
  A dart slug (D:1)
  5 endoplasms
  3 goblins
  6 hobgoblins
  7 quokkas
  4 ball pythons
  3 bats (D:2)
  4 frilled lizards
  9 kobolds
  7 rats
57 creatures vanquished.

Notes
Turn   | Place    | Note
-------+----------+-------------------------------------------
     0 | D:1      | qw the Minotaur Hexslinger began the quest for the Orb.
     0 | D:1      | Reached XP level 1. HP: 16/16 MP: 1/1
     0 | D:1      | 0 ||| qw: Version: 0.3-a-52-g30416fa
     0 | D:1      | 0 ||| qw: Game counter: 6923
     0 | D:1      | 0 ||| qw: Melee chars always use a shield: true
     0 | D:1      | 0 ||| qw: God list: Okawaru
     0 | D:1      | 0 ||| qw: Allow faded altars: false
     0 | D:1      | 0 ||| qw: Do Orc after clearing Dungeon:15 true
     0 | D:1      | 0 ||| qw: Do second Lair branch before Depths: true
     0 | D:1      | 0 ||| qw: Lair rune preference: random
     0 | D:1      | 0 ||| qw: Goals: Normal
     0 | D:1      | 0 ||| PLANNING D:1-11
   149 | D:1      | Reached skill level 3 in Ranged Weapons
   298 | D:1      | Reached XP level 2. HP: 23/23 MP: 2/2
   669 | D:1      | 669 ||| UPGRADING to +0 cloak.
   674 | D:1      | 674 ||| READING scroll labelled XEUQID URCHUTAEJA.
   718 | D:1      | 718 ||| READING 3 scrolls labelled OPPUSA NESAA.
   721 | D:1      | 721 ||| DROPPING scroll of poison.
   759 | D:2      | 759 ||| FLEEEEING.
   760 | D:2      | 760 ||| FLEEEEING.
   760 | D:2      | HP: 6/25 [poisoned by an adder]
   761 | D:2      | 761 ||| FLEEEEING.
   762 | D:2      | 762 ||| STAIRDANCE
   913 | D:2      | Reached XP level 3. HP: 30/30 MP: 3/3
  1071 | D:2      | 1071 ||| Stepping ~*~*~tactically~*~*~ (water).
  1094 | D:2      | Reached skill level 4 in Ranged Weapons
  1313 | D:2      | Reached XP level 4. HP: 29/37 MP: 4/4
  1627 | D:2      | 1627 ||| UPGRADING to +2 hat.
  1632 | D:2      | 1632 ||| UPGRADING to +0 leather armour.
  1642 | D:2      | 1642 ||| DROPPING +0 robe.
  1643 | D:2      | 1643 ||| READING 3 scrolls labelled DEN WAOCULETEA.
  1644 | D:2      | 1644 ||| READING scroll labelled XUCYRH TUCAXIK.
  1645 | D:2      | 1645 ||| READING 2 scrolls of identify.
  1645 | D:2      | 1645 ||| IDENTIFYING viscous purple potion
  1646 | D:2      | 1646 ||| DROPPING potion of lignification.
  1748 | D:3      | Found a transporter.
  1748 | D:3      | Found a transporter.
  1985 | D:3      | Found a faded altar of an unknown god.
  2302 | D:3      | Noticed qw's ghost (amateur GrHs)
  2382 | D:3      | 2382 ||| UPGRADING to +0 ring mail.
  2392 | D:3      | 2392 ||| DROPPING +0 leather armour.
  2393 | D:3      | 2393 ||| UPGRADING to amulet of faith.
  2398 | D:3      | 2398 ||| READING 5 scrolls of identify.
  2398 | D:3      | 2398 ||| IDENTIFYING sapphire potion
  2399 | D:3      | 2399 ||| READING 4 scrolls of identify.
  2399 | D:3      | 2399 ||| IDENTIFYING fizzy brown potion
  2400 | D:3      | 2400 ||| DROPPING potion of berserk rage.
  2483 | D:4      | Found a shadowy altar of Dithmenos.
  2609 | D:4      | Reached XP level 5. HP: 20/42 MP: 5/5
  2611 | D:4      | HP: 5/42 [gnoll/+0 flail (7)]
  2612 | D:4      | 2612 ||| READING 3 scrolls of teleportation.
  2612 | D:4      | Slain by a gnoll

Levels and vault maps discovered:
D:1:      roderic_crossed_star, layout_loops_ring
D:2:      layout_basic, minmay_misc_feat_plants, chequers_serial_rivers_marsh,
          serial_bayou_crossing
D:3:      layout_loops_ring, gammafunk_ghost_gnarly_gnolls,
          dreamdust_ecumenical_altar_statues, minmay_diced_spiral
D:4:      minmay_bubble_buster, layout_rooms, elyvilon_altar_1,
          lemuel_crystal_altar, hellmonk_no_cap

Skill      XL: |  1  2  3  4 |
---------------+-------------+-----
Ranged Weapons | 3 4 |  4.9
Fighting       | 2 |  2.4
Armour         | 2 |  2.0
Dodging        | |  2.1
Spellcasting   | |  1.0
Hexes          | |  2.0

Action                     |  1- 3 |  4- 6 || total
---------------------------+-------+-------++-------
   Fire: Sling             |   139 |    90 ||   229
    Use: Scroll            |     2 |     6 ||     8
 Armour: Robe              |    29 |       ||    29
         Ring mail         |       |    10 ||    10
         Leather armour    |       |     6 ||     6
  Dodge: Dodged            |    58 |    28 ||    86

Table legend:
 A = Non-vault XP
 B = Vault XP
 C = Vault XP percentage of total XP
 D = Non-vault monster count
 E = Vault monster count
 F = Vault count percentage of total count
                 A         B        C        D         E       F
            +---------+---------+-------+---------+---------+-------
      Total |     197 |       3 |   1.5 |      55 |       2 |   3.5
            +---------+---------+-------+---------+---------+-------
        D:1 |      17 |       0 |   0.0 |       9 |       0 |   0.0
        D:2 |      90 |       0 |   0.0 |      27 |       0 |   0.0
        D:3 |      31 |       3 |   8.8 |      15 |       2 |  11.8
        D:4 |      59 |       0 |   0.0 |       4 |       0 |   0.0
            +---------+---------+-------+---------+---------+-------
